 Dungeon Crawl Stone Soup version 0.20.1 (webtiles) character file.

153 Monsterracer the Cudgeler (level 5, -4/44 (45) HPs)
             Began as a Ghoul Monk on July 2, 2017.
             Slain by a scorpion (7 damage)
             ... in an ossuary.
             The game lasted 00:06:57 (2189 turns).

Monsterracer the Cudgeler (Ghoul Monk)              Turns: 2189, Time: 00:06:58

HP:   -4/44 (45)    AC: 10    Str: 13 (15) XL:     5   Next: 35%
MP:   4/4           EV: 11    Int:  1 (5)  God:
Gold: 148           SH:  0    Dex: 10 (12) Spells: 4/4 levels left

rFire    . . .     SeeInvis .   k - +0 flail
rCold    + . .     Gourm    .   (no shield)
rNeg     + + +     Faith    .   f - +0 ring mail
rPois    ∞         Spirit   .   (no helmet)
rElec    .         Reflect  .   (no cloak)
rCorr    +         Harm     .   a - +1 pair of gloves
MR       .....                  h - +2 pair of boots
Stlth    +.........             (no amulet)
Regen    0.0/turn               j - ring of resist corrosion
MPRegen  0.1/turn               (no ring)

@: rotting
A: rotting body, claws 1, carnivore 3, cold resistance 1, negative energy
resistance 3, inhibited regeneration, torment resistance, unbreathing
a: no special abilities


You were in an ossuary.
You were not hungry.

You visited 1 branch of the dungeon, and saw 4 of its levels.
You also visited: Ossuary.

You collected 148 gold pieces.

Inventory:

Hand Weapons
 k - a +0 flail (weapon)
Armour
 a - a +1 pair of gloves (worn)
 f - a +0 ring mail (worn)
 h - a +2 pair of boots (worn)
Jewellery
 j - a ring of resist corrosion (left hand)
Potions
 e - a potion of resistance
Comestibles
 c - 3 meat rations


   Skills:
 - Level 3.2 Fighting
 + Level 5.3 Maces & Flails
 - Level 2.6 Dodging
 - Level 2.1 Stealth


You had 4 spell levels left.
You didn't know any spells.

Dungeon Overview and Level Annotations

Branches:
Dungeon (4/15)
 Temple: D:4-7

Altars:
Dithmenos

Annotations:
D:3 TheGamingCockatoo's ghost, amateur HOMo


Innate Abilities, Weirdness & Mutations

Your body is rotting away.
You thrive on raw meat.
You are immune to poison.
You have sharp fingernails.
You are carnivorous and can eat meat at any time.
Your flesh is cold resistant. (rC+)
You are immune to negative energy. (rN+++)
You do not regenerate when monsters are visible.
You are immune to unholy pain and torment.
You can survive without breathing.


Message History

The scorpion is lightly wounded.
The scorpion stings you.
* * * LOW HITPOINT WARNING * * *
Huge Dmg: -7%(-3hp) hp: 7%(3hp)
You closely miss the scorpion.
The scorpion is lightly wounded.
The scorpion barely misses you.
Your ring mail prevents you from hitting the scorpion.
The scorpion is lightly wounded.
The scorpion misses you. The scorpion barely misses you.
You closely miss the scorpion.
The scorpion is lightly wounded.
The scorpion barely misses you.
You closely miss the scorpion.
The scorpion is lightly wounded.
The scorpion stings you but does no damage.
You closely miss the scorpion.
The scorpion is lightly wounded.
The scorpion stings you!
You die...

#############
#...#...#...#
#.∩.#...8...+
#@..#.......#
##s###8...8##
#ZZ.#.......#
#.∩.'...8...#
#...#Z..#...#
######### ##


You could see a scorpion, a scorpion zombie and a hobgoblin zombie.

Vanquished Creatures
  A worker ant (D:4)
  A mummy (D:4)
  5 adders
  A gnoll (D:1)
  An ooze (D:1)
  A worm (D:3)
  2 dart slugs
  3 leopard geckos
  A ball python (D:3)
  A giant cockroach (D:3)
  4 goblins
  7 hobgoblins
  2 jackals (D:2)
  5 kobolds
  A quokka (D:3)
  10 bats
  6 rats
52 creatures vanquished.

Notes
Turn   | Place    | Note
-------+----------+-------------------------------------------
     0 | D:1      | Monsterracer the Ghoul Monk began the quest for the Orb.
     0 | D:1      | Reached XP level 1. HP: 19/19 MP: 0/0
   149 | D:1      | Reached skill level 3 in Maces & Flails
   220 | D:1      | Reached XP level 2. HP: 10/26 MP: 1/1
   480 | D:1      | Reached XP level 3. HP: 30/31 MP: 2/2
   781 | D:2      | Found a faded altar of an unknown god.
   807 | D:2      | Reached skill level 4 in Maces & Flails
  1021 | D:2      | Reached XP level 4. HP: 28/38 MP: 3/3
  1769 | D:3      | Reached skill level 5 in Maces & Flails
  1805 | D:3      | Reached XP level 5. HP: 44/45 MP: 4/4
  1871 | D:3      | Noticed TheGamingCockatoo's ghost (amateur HOMo)
  1914 | D:3      | Found a shadowy altar of Dithmenos.
  2145 | D:4      | Found a sand-covered staircase.
  2152 | Ossuary  | Entered an ossuary
  2189 | Ossuary  | Slain by a scorpion

Skill      XL: |  1  2  3  4 |
---------------+-------------+-----
Maces & Flails | 3 4 5 |  5.3
Fighting       | |  3.2
Dodging        | |  2.6
Stealth        | |  2.1

Action                   |  1- 3 |  4- 6 || total
-------------------------+-------+-------++-------
Melee: Mace              |   118 |   109 ||   227
       Flail             |       |    54 ||    54
  Use: Potion            |     5 |     3 ||     8
       Scroll            |       |     4 ||     4
 Stab: Sleeping          |     2 |       ||     2
  Eat: Chunk             |    10 |    10 ||    20
Armor: Robe              |     4 |       ||     4
       Ring mail         |    44 |    74 ||   118
Dodge: Dodged            |    93 |    90 ||   183
